 Dungeon Crawl Stone Soup version 0.29.1-13-g9f3cf754e1 (webtiles) character file.

Game seed: 940026415009560083

29 fleeber the Trooper (level 3, 37/37 HPs)
             Began as a Troll Fighter on Jan 13, 2023.
             Quit the game on level 1 of the Dungeon on Jan 29, 2023.
             The game lasted 00:03:04 (555 turns).

fleeber the Trooper (Troll Fighter)                  Turns: 555, Time: 00:03:04

Health: 37/37      AC:  4    Str: 24    XL:     3   Next: 1%
Magic:  2/2        EV:  8    Int:  4    God:
Gold:   26         SH:  7    Dex: 11    Spells: 2/2 levels left

rFire   . . .      SeeInvis .     - Unarmed
rCold   . . .      Faith    .   b - +0 kite shield
rNeg    . . .      Spirit   .   a - +0 robe
rPois   .          Reflect  .   (helmet restricted)
rElec   .          Harm     .   (no cloak)
rCorr   .          Rampage  .   (gloves unavailable)
Will    .....                   (boots unavailable)
Stlth   +.........              (no amulet)
HPRegen 0.92/turn               (no ring)
MPRegen 0.08/turn               (no ring)

@: no status effects
A: large, unfitting armour, claws 3, regeneration 1, shaggy fur 1, tough skin 1
a: no special abilities


You were on level 1 of the Dungeon.
You visited 1 branch of the dungeon, and saw 1 of its levels.

You collected 26 gold pieces.

Inventory:

Armour
 a - a +0 robe (worn)
 b - a +0 kite shield (worn)
Scrolls
 e - a scroll of teleportation {unknown}
 f - a scroll of immolation {unknown}
 i - a scroll of identify {unknown}
Potions
 c - a potion of might
 d - 2 potions of heal wounds {unknown}
 g - a potion of flight {unknown}
 h - a potion of mutation {unknown}
 j - a potion of cancellation {unknown}
 k - a potion of ambrosia {unknown}
 l - a potion of invisibility {unknown}


   Skills:
 + Level 3.0 Fighting
 - Level 2.4 Dodging
 - Level 2.6 Shields
 + Level 2.8 Unarmed Combat


You had 2 spell levels left.
You didn't know any spells.
Your spell library contained the following spells:

 Spells                   Type           Power      Damage    Failure   Level
 Gell's Gravitas          Tloc           0%         N/A       99%         3
 Lesser Beckoning         Tloc           0%         N/A       99%         3
 Teleport Other           Tloc           0%         N/A       99%         3


Dungeon Overview and Level Annotations

Branches:
Dungeon (1/15)

Altars:


Innate Abilities, Weirdness & Mutations

You are too large for most types of armour.
You have claws for hands.
Your natural rate of healing is unusually fast.
You are covered in fur. (AC +1)
You have tough skin. (AC +1)


Message History

The slug dart hits you.
You scratch the ball python.
You kill the ball python!
You scratch the dart slug.
The dart slug is moderately wounded.
The dart slug bites you but does no damage.
You claw the dart slug!
You kill the dart slug!
Your Fighting skill increases to level 3!
No target in view!
No target in view!
You see here a ball python corpse.
An endoplasm comes into view.
An endoplasm is nearby!
An endoplasm is nearby!
The endoplasm barely misses you.
You claw the endoplasm!
You kill the endoplasm!
You have reached level 3!
Your experience leads to an increase in your attributes!
Increase (S)trength, (I)ntelligence, or (D)exterity?
You feel agile. x2; You feel stronger.
d - 2 yellow potions (gained 1)
l - a viscous green potion
There is an open door here.
There is an open door here.
Done exploring.
Done exploring.
Save game and exit?
Welcome back, fleeber the Troll Fighter.
Press ? for a list of commands and other information.
Unknown command.
Are you sure you want to abandon this character and quit the game? (Confirm with "yes".)
Okay, then.
Unknown command.
Are you sure you want to abandon this character and quit the game? (Confirm with "yes".)
Okay, then.
Are you sure you want to abandon this character and quit the game? (Confirm with "yes".)
Okay, then.
Are you sure you want to abandon this character and quit the game? (Confirm with "yes".)

......# #....# ....>.# #.##.####
......# #### #.##....# .....##
#..###.###.#.# .....##
#.#.##.##.##.#### ......#
#.##.....###..... ......##
#.###...###......
.......##########.##.....##......
..............##@.#.##.##.#......
..............##...###.###.......
..............##.#...#.#.....>...
#............รท.......#(#.........
...########..)...#...............
#### #.###.................. #.#
#.#..........#.....
###########.###.#.....####.######
..........#..#.....##.###..#


There were no monsters in sight!

Vanquished Creatures
  2 dart slugs (D:1)
  2 ball pythons (D:1)
  A bat (D:1)
  3 endoplasms (D:1)
  A giant cockroach (D:1)
  2 goblins (D:1)
  3 hobgoblins (D:1)
  A kobold (D:1)
  3 frilled lizards (D:1)
  5 rats (D:1)
23 creatures vanquished.

Notes
Turn   | Place    | Note
-------+----------+-------------------------------------------
     0 | D:1      | fleeber the Troll Fighter began the quest for the Orb.
     0 | D:1      | Reached XP level 1. HP: 22/22 MP: 0/0
    87 | D:1      | Reached XP level 2. HP: 29/29 MP: 1/1
   431 | D:1      | Reached skill level 3 in Fighting
   438 | D:1      | Reached XP level 3. HP: 37/37 MP: 2/2
   550 | D:1      | Upgraded the game from 0.29.1-12-g30fa7ad0bf to
                  | 0.29.1-13-g9f3cf754e1
   555 | D:1      | Quit the game

Illustrated notes

Levels and vault maps discovered:
D:1:      heliophobic_arrival_ceremonial_halls, layout_rooms,
          chequers_decorated_corner, hex_intersection

Skill      XL: |  1  2 |
---------------+-------+-----
Fighting       | 3 |  3.0
Dodging        | |  2.4
Shields        | |  2.6
Unarmed Combat | |  2.8

Action                   || total
-------------------------++-------
Melee: Unarmed           ||    50
Armor: Robe              ||    23
Dodge: Dodged            ||    14
Block: Kite shield       ||    13
